Workbook

Sheet Hypothèses
A1: Jardins du Médoc (fictif) — hypothèses du prévisionnel
A3: CA entretien N-1 | B3: 430000
A4: CA création N-1 | B4: 350000
A5: Croissance entretien — prudent | B5: 0.05
A6: Croissance création — prudent | B6: 0.02
A7: Croissance entretien — central | B7: 0.12
A8: Croissance création — central | B8: 0.08
A9: Croissance entretien — ambitieux | B9: 0.18
A10: Croissance création — ambitieux | B10: 0.15
A11: Achats en % du CA création | B11: 0.22
A12: Achats en % du CA entretien | B12: 0.06
A13: Sous-traitance en % du CA | B13: 0.04
A14: Charges externes fixes N-1 | B14: 96000
... A25: Intérêts année 3 | B25: 2300

Sheet Scénarios
A1: Compte de résultat prévisionnel — 3 scénarios
B3: Scénario prudent | F3: Scénario central | J3: Scénario ambitieux
B4: Année 1 | C4: Année 2 | D4: Année 3 | F4: Année 1 | G4: Année 2 | H4: Année 3 | J4: Année 1 | K4: Année 2 | L4: Année 3
A5: CA entretien | B5: =Hypothèses!$B$3*(1+Hypothèses!$B$5) | C5: =B5*(1+Hypothèses!$B$5) | D5: =C5*(1+Hypothèses!$B$5) | F5: =Hypothèses!$B$3*(1+Hypothèses!$B$7) | G5: =F5*(1+Hypothèses!$B$7) | H5: =G5*(1+Hypothèses!$B$7) | J5: =Hypothèses!$B$3*(1+Hypothèses!$B$9) | K5: =J5*(1+Hypothèses!$B$9) | L5: =K5*(1+Hypothèses!$B$9)
A6: CA création | B6: =Hypothèses!$B$4*(1+Hypothèses!$B$6) | C6: =B6*(1+Hypothèses!$B$6) | D6: =C6*(1+Hypothèses!$B$6) | F6: =Hypothèses!$B$4*(1+Hypothèses!$B$8) | G6: =F6*(1+Hypothèses!$B$8) | H6: =G6*(1+Hypothèses!$B$8) | J6: =Hypothèses!$B$4*(1+Hypothèses!$B$10) | K6: =J6*(1+Hypothèses!$B$10) | L6: =K6*(1+Hypothèses!$B$10)
A7: Chiffre d'affaires | B7: =B5+B6 | C7: =C5+C6 | D7: =D5+D6 | F7: =F5+F6 | G7: =G5+G6 | H7: =H5+H6 | J7: =J5+J6 | K7: =K5+K6 | L7: =L5+L6
A8: Coûts variables | B8: =B6*Hypothèses!$B$11+B5*Hypothèses!$B$12+B7*Hypothèses!$B$13 | C8: =C6*Hypothèses!$B$11+C5*Hypothèses!$B$12+C7*Hypothèses!$B$13 | D8: =D6*Hypothèses!$B$11+D5*Hypothèses!$B$12+D7*Hypothèses!$B$13 | F8: =F6*Hypothèses!$B$11+F5*Hypothèses!$B$12+F7*Hypothèses!$B$13 | G8: =G6*Hypothèses!$B$11+G5*Hypothèses!$B$12+G7*Hypothèses!$B$13 | H8: =H6*Hypothèses!$B$11+H5*Hypothèses!$B$12+H7*Hypothèses!$B$13 | J8: =J6*Hypothèses!$B$11+J5*Hypothèses!$B$12+J7*Hypothèses!$B$13 | K8: =K6*Hypothèses!$B$11+K5*Hypothèses!$B$12+K7*Hypothèses!$B$13 | L8: =L6*Hypothèses!$B$11+L5*Hypothèses!$B$12+L7*Hypothèses!$B$13
A9: Marge sur coûts variables | B9: =B7-B8 | C9: =C7-C8 | D9: =D7-D8 | F9: =F7-F8 | G9: =G7-G8 | H9: =H7-H8 | J9: =J7-J8 | K9: =K7-K8 | L9: =L7-L8
A10: Taux de marge | B10: =B9/B7 | C10: =C9/C7 | D10: =D9/D7 | F10: =F9/F7 | G10: =G9/G7 | H10: =H9/H7 | J10: =J9/J7 | K10: =K9/K7 | L10: =L9/L7
A11: Charges externes fixes | B11: =Hypothèses!$B$14*(1+Hypothèses!$B$15)^1 | C11: =Hypothèses!$B$14*(1+Hypothèses!$B$15)^2 | D11: =Hypothèses!$B$14*(1+Hypothèses!$B$15)^3 | F11: =Hypothèses!$B$14*(1+Hypothèses!$B$15)^1 | G11: =Hypothèses!$B$14*(1+Hypothèses!$B$15)^2 | H11: =Hypothèses!$B$14*(1+Hypothèses!$B$15)^3 | J11: =Hypothèses!$B$14*(1+Hypothèses!$B$15)^1 | K11: =Hypothèses!$B$14*(1+Hypothèses!$B$15)^2 | L11: =Hypothèses!$B$14*(1+Hypothèses!$B$15)^3
A12: Salaires et dirigeant | B12: =(Hypothèses!$B$16+Hypothèses!$B$17)*(1+Hypothèses!$B$18)^0+Hypothèses!$B$19 | C12: =(Hypothèses!$B$16+Hypothèses!$B$17)*(1+Hypothèses!$B$18)^1+Hypothèses!$B$19 | D12: =(Hypothèses!$B$16+Hypothèses!$B$17)*(1+Hypothèses!$B$18)^2+Hypothèses!$B$19 | F12: =(Hypothèses!$B$16+Hypothèses!$B$17)*(1+Hypothèses!$B$18)^0+Hypothèses!$B$19 | G12: =(Hypothèses!$B$16+Hypothèses!$B$17)*(1+Hypothèses!$B$18)^1+Hypothèses!$B$19 | H12: =(Hypothèses!$B$16+Hypothèses!$B$17)*(1+Hypothèses!$B$18)^2+Hypothèses!$B$19 | J12: =(Hypothèses!$B$16+Hypothèses!$B$17)*(1+Hypothèses!$B$18)^0+Hypothèses!$B$19 | K12: =(Hypothèses!$B$16+Hypothèses!$B$17)*(1+Hypothèses!$B$18)^1+Hypothèses!$B$19 | L12: =(Hypothèses!$B$16+Hypothèses!$B$17)*(1+Hypothèses!$B$18)^2+Hypothèses!$B$19
A13: EBE | B13: =B9-B11-B12 | C13: =C9-C11-C12 | D13: =D9-D11-D12 | F13: =F9-F11-F12 | G13: =G9-G11-G12 | H13: =H9-H11-H12 | J13: =J9-J11-J12 | K13: =K9-K11-K12 | L13: =L9-L11-L12
A14: Amortissements | B14: =Hypothèses!$B$20+Hypothèses!$B$21/Hypothèses!$B$22 | C14: =Hypothèses!$B$20+Hypothèses!$B$21/Hypothèses!$B$22 | D14: =Hypothèses!$B$20+Hypothèses!$B$21/Hypothèses!$B$22 | F14: =Hypothèses!$B$20+Hypothèses!$B$21/Hypothèses!$B$22 | G14: =Hypothèses!$B$20+Hypothèses!$B$21/Hypothèses!$B$22 | H14: =Hypothèses!$B$20+Hypothèses!$B$21/Hypothèses!$B$22 | J14: =Hypothèses!$B$20+Hypothèses!$B$21/Hypothèses!$B$22 | K14: =Hypothèses!$B$20+Hypothèses!$B$21/Hypothèses!$B$22 | L14: =Hypothèses!$B$20+Hypothèses!$B$21/Hypothèses!$B$22
A15: Résultat d'exploitation | B15: =B13-B14 | C15: =C13-C14 | D15: =D13-D14 | F15: =F13-F14 | G15: =G13-G14 | H15: =H13-H14 | J15: =J13-J14 | K15: =K13-K14 | L15: =L13-L14
A16: Intérêts | B16: =Hypothèses!$B$23 | C16: =Hypothèses!$B$24 | D16: =Hypothèses!$B$25 | F16: =Hypothèses!$B$23 | G16: =Hypothèses!$B$24 | H16: =Hypothèses!$B$25 | J16: =Hypothèses!$B$23 | K16: =Hypothèses!$B$24 | L16: =Hypothèses!$B$25
A17: Résultat avant impôt | B17: =B15-B16 | C17: =C15-C16 | D17: =D15-D16 | F17: =F15-F16 | G17: =G15-G16 | H17: =H15-H16 | J17: =J15-J16 | K17: =K15-K16 | L17: =L15-L16
A18: Impôt sur les sociétés | B18: =IF(B17<=0,0,MIN(B17,42500)*0.15+MAX(B17-42500,0)*0.25) | C18: =IF(C17<=0,0,MIN(C17,42500)*0.15+MAX(C17-42500,0)*0.25) | D18: =IF(D17<=0,0,MIN(D17,42500)*0.15+MAX(D17-42500,0)*0.25) | F18: =IF(F17<=0,0,MIN(F17,42500)*0.15+MAX(F17-42500,0)*0.25) | G18: =IF(G17<=0,0,MIN(G17,42500)*0.15+MAX(G17-42500,0)*0.25) | H18: =IF(H17<=0,0,MIN(H17,42500)*0.15+MAX(H17-42500,0)*0.25) | J18: =IF(J17<=0,0,MIN(J17,42500)*0.15+MAX(J17-42500,0)*0.25) | K18: =IF(K17<=0,0,MIN(K17,42500)*0.15+MAX(K17-42500,0)*0.25) | L18: =IF(L17<=0,0,MIN(L17,42500)*0.15+MAX(L17-42500,0)*0.25)
A19: Résultat net | B19: =B17-B18 | C19: =C17-C18 | D19: =D17-D18 | F19: =F17-F18 | G19: =G17-G18 | H19: =H17-H18 | J19: =J17-J18 | K19: =K17-K18 | L19: =L17-L18
A20: Capacité d'autofinancement | B20: =B19+B14 | C20: =C19+C14 | D20: =D19+D14 | F20: =F19+F14 | G20: =G19+G14 | H20: =H19+H14 | J20: =J19+J14 | K20: =K19+K14 | L20: =L19+L14
A21: Point mort | B21: =(B11+B12+B14+B16)/B10 | C21: =(C11+C12+C14+C16)/C10 | D21: =(D11+D12+D14+D16)/D10 | F21: =(F11+F12+F14+F16)/F10 | G21: =(G11+G12+G14+G16)/G10 | H21: =(H11+H12+H14+H16)/H10 | J21: =(J11+J12+J14+J16)/J10 | K21: =(K11+K12+K14+K16)/K10 | L21: =(L11+L12+L14+L16)/L10

Sheet Point mort
A1: Seuil de rentabilité (scénario central)
B3: Année 1 | C3: Année 2 | D3: Année 3
A4: Charges fixes totales | B4: =Scénarios!F11+Scénarios!F12+Scénarios!F14+Scénarios!F16 | C4: =Scénarios!G11+Scénarios!G12+Scénarios!G14+Scénarios!G16 | D4: =Scénarios!H11+Scénarios!H12+Scénarios!H14+Scénarios!H16
A5: Taux de marge sur coûts variables | B5: =Scénarios!F10 | C5: =Scénarios!G10 | D5: =Scénarios!H10
A6: Point mort | B6: =B4/B5 | C6: =C4/C5 | D6: =D4/D5
A7: Chiffre d'affaires prévu | B7: =Scénarios!F7 | C7: =Scénarios!G7 | D7: =Scénarios!H7
A8: Marge de sécurité | B8: =B7-B6 | C8: =C7-C6 | D8: =D7-D6

Sheet Trésorerie
A1: Plan de trésorerie mensuel — année 1, scénario central
A3: Mois | B3: Encaissements | C3: Décaissements | D3: Trésorerie fin de mois
A4: Janv. | B4: 42980 | C4: 78532 | D4: 9448
A5: Févr. | B5: 34384 | C5: 59996 | D5: -16164
A6: Mars | B6: 42980 | C6: 65854 | D6: -39037
A7: Avril | B7: 77364 | C7: 68782 | D7: -30456
A8: Mai | B8: 94556 | C8: 68782 | D8: -4682
A9: Juin | B9: 94556 | C9: 67318 | D9: 22556
A10: Juil. | B10: 85960 | C10: 64389 | D10: 44127
A11: Août | B11: 68768 | C11: 61460 | D11: 51434
A12: Sept. | B12: 51576 | C12: 67318 | D12: 35692
A13: Oct. | B13: 85960 | C13: 68782 | D13: 52870
A14: Nov. | B14: 94556 | C14: 65854 | D14: 81572
A15: Déc. | B15: 77364 | C15: 61460 | D15: 97476
